 Dungeon Crawl Stone Soup version 0.21.1-1-g345015f (webtiles) character file.

52269 sking99 the Severer (level 14, -12/129 HPs)
             Began as a Hill Orc Fighter on June 22, 2018.
             Was an Elder of Qazlal.
             Mangled by an azure jelly (30 damage)
             ... on level 6 of the Lair of Beasts.
             The game lasted 01:14:11 (17473 turns).

sking99 the Severer (Hill Orc Fighter)             Turns: 17473, Time: 01:14:12

Health: -12/129    AC: 22    Str: 20    XL:     14   Next: 63%
Magic:  18/24      EV: 10    Int: 11    God:    Qazlal [****..]
Gold:   1258       SH:  5    Dex: 14    Spells: 13/13 levels left

rFire    . . .     SeeInvis .   a - +1 battleaxe (freeze)
rCold    . . .     Gourm    +   (shield currently unavailable)
rNeg     . . .     Faith    .   W - +2 chain mail {MR+}
rPois    +         Spirit   .   Z - +1 helmet {Int+3}
rElec    .         Reflect  .   q - +0 cloak
rCorr    .         Harm     .   (no gloves)
MR       ++...                  (no boots)
Stlth    ..........             t - amulet of the gourmand
HPRegen  0.31/turn              F - +5 ring of protection
MPRegen  0.19/turn              g - ring of poison resistance

@: repel missiles
A: no striking features
a: Upheaval, Elemental Force, Renounce Religion


You were on level 6 of the Lair of Beasts.
You worshipped Qazlal.
Qazlal was greatly pleased with you.
You were completely stuffed.

You visited 2 branches of the dungeon, and saw 18 of its levels.
You also visited: Sewer, Ossuary and Ice Cave.

You collected 1439 gold pieces.
You spent 181 gold pieces at shops.

Inventory:

Hand Weapons
 a - a +1 battleaxe of freezing (weapon)
 b - a +2 scimitar of flaming
Armour
 q - a +0 cloak (worn)
 W - a +2 chain mail of magic resistance (worn)
 Y - a +3 chain mail of fire resistance
 Z - a +1 helmet of intelligence (worn)
Jewellery
 g - a ring of poison resistance (right hand)
 p - an uncursed ring of positive energy
 t - an amulet of the gourmand (around neck)
 F - a +5 ring of protection (left hand)
 G - an uncursed ring of stealth
 L - an uncursed ring of resist corrosion
 V - an uncursed ring of ice
Wands
 M - a wand of disintegration (11)
 O - a wand of enslavement (14)
 P - a wand of paralysis (16)
 R - a wand of iceblast (6)
 T - a wand of random effects (19)
Scrolls
 i - 3 scrolls of identify
 j - 16 scrolls of teleportation
 k - 8 scrolls of magic mapping
 l - 7 scrolls of remove curse
 o - 8 scrolls of amnesia
 r - 3 scrolls of enchant weapon
 s - 4 scrolls of blinking
 u - 2 scrolls of fear
 x - 4 scrolls of enchant armour
 C - a scroll of fog {unknown}
Potions
 d - 4 potions of might
 e - 2 potions of cancellation {unknown}
 h - 5 potions of lignification
 m - 13 potions of brilliance
 n - a potion of flight
 v - 2 potions of agility
 w - a potion of degeneration {unknown}
 z - 3 potions of heal wounds
 A - 5 potions of ambrosia
 B - 2 potions of berserk rage
 D - a potion of invisibility
 I - 2 potions of magic
 J - 5 potions of curing
 K - a potion of haste
 N - a potion of mutation {unknown}
Books
 Q - a book of Changes

   Spells                             Type                      Level
   a - Beastly Appendage              Transmutation                1
   b - Sticks to Snakes               Transmutation                2
   c - Spider Form                    Transmutation/Poison         3
   d - Ice Form                       Ice/Transmutation            4
   e - Blade Hands                    Transmutation                5
 U - a book of Minor Magic

   Spells                             Type                      Level
   a - Magic Dart                     Conjuration                  1
   b - Blink                          Translocation                2
   c - Call Imp                       Summoning                    2
   d - Slow                           Hexes                        2
   e - Conjure Flame                  Conjuration/Fire             3
   f - Mephitic Cloud                 Conjuration/Poison/Air       3
Miscellaneous
 E - a lightning rod (4/4)
Comestibles
 c - a chunk of flesh
 f - 33 rations


   Skills:
 + Level 13.0 Fighting
 * Level 17.8 Axes
 + Level 9.0 Armour
 - Level 4.4 Dodging
   Level 12.1 Shields
 + Level 13.5 Invocations


You had 13 spell levels left.
You didn't know any spells.

Dungeon Overview and Level Annotations

Branches:
Dungeon (12/15)            Temple (0/1) D:4            Lair (6/6) D:10
 Shoals (0/4) Lair:4       Spider (0/4) Lair:2        Slime (0/5) Lair:6
    Orc: D:9-12

Altars:
Ashenzari
Gozag
Qazlal
Trog
Xom
Beogh
Jiyva

Shops:
D:7 }%*!   D:8 %

Annotations:
D:2 Sigmund
Lair:5 exclusion: 4 oklob plants


Message History

The azure jelly hits you but does no damage.
The azure jelly hits you.
The azure jelly is struck by lightning.
You hear a bellow!
You closely miss the azure jelly.
The azure jelly is moderately wounded.
The azure jelly misses you. The azure jelly hits you.
The azure jelly freezes you!!! The azure jelly closely misses you.
The azure jelly hits you but does no damage.
The azure jelly hits you but does no damage.
The azure jelly hits you. The azure jelly freezes you!!!
* * * LOW HITPOINT WARNING * * *
The azure jelly hits you but does no damage. x2
Clouds arounds you coalesce and take form!
The azure jelly hits you but does no damage.
The azure jelly misses you.
The azure jelly hits you but does no damage. x3
The azure jelly hits you.
* * * LOW HITPOINT WARNING * * *
The azure jelly freezes you!!
You die...

...#.##..#....#......).##.
.........#................
##.....#......P...........
.##....#............P.....
..........................
.....#......P..E..........
#...## #......ยง.##'##..##
###.# ##....JJ#._.# #.#
#...E.@#...# ##.####
##.##..#.>.# #..#..###
##...E#####
###...##.#####.......#
#.......###.#..P.....#
##.#....####...........
#.##......#............
.#......###............
.................#.....


You could see 2 azure jellies, a friendly water elemental, a friendly fire
elemental and a friendly air elemental.

Vanquished Creatures
  A frost giant (IceCv)
  Snorg (Lair:5)
  The ghost of kalagan the Thaumaturge, a journeyman DEFE of Kikubaaqudgha (Lair:5)
  Josephine (D:10)
  3 hydras
  Erica (D:9)
  A two-headed ogre (D:12)
  A tengu warrior (D:10)
  A death yak (IceCv)
  Urug (Lair:5)
  A slime creature (D:12)
  The ghost of w0lly the Cudgeler, a novice DDFi of the Shining One (D:7)
  A lindwurm (Lair:5)
  Pikel (D:9)
  A cyclops (D:9)
  A manticore (Lair:6)
  Maurice (D:9)
  6 elephants
  5 black mambas
  An ice statue (IceCv)
  Joseph (Lair:1)
  A gargoyle (D:10)
  8 spiny frogs
  3 rime drakes
  5 komodo dragons
  A freezing wraith (D:11)
  A tengu conjurer (D:10)
  2 trolls
  19 polar bears (IceCv)
  A hornet (Lair:3)
  10 hippogriffs
  19 blink frogs
  A snapping turtle (Lair:4)
  A redback (Lair:2)
  50 yaks
  3 wraiths (D:10)
  A human (D:9)
  2 wyverns
  2 hogs (D:9)
  3 basilisks
  2 wargs (D:10)
  3 orc warriors
  15 water moccasins
  4 porcupines
  5 sky beasts
  2 slaves (D:9)
  4 phantoms
  3 ice beasts
  An eye of draining (D:11)
  4 ogres
  5 centaurs
  25 wolves
  15 crocodiles
  Blork the orc (D:5)
  A big kobold (D:7)
  11 bullfrogs
  5 gnoll sergeants
  4 water moccasin zombies
  4 killer bees
  4 wights (D:6)
  2 electric eels
  2 howler monkeys (D:10)
  5 crimson imps
  2 bullfrog zombies
  A centaur zombie (D:8)
  3 quasits
  5 hounds
  3 gnoll shamans
  4 jellies
  3 orc priests
  17 orc wizards
  A bullfrog skeleton (D:5)
  An iguana (D:10)
  7 worker ants
  3 big kobold zombies (Ossuary)
  A hound zombie (D:7)
  2 hound skeletons (D:4)
  2 mummies (Ossuary)
  Robin (D:3)
  39 gnolls
  17 adders
  4 river rats (Sewer)
  2 shadow imps
  3 adder zombies
  An adder skeleton (D:4)
  4 worms
  2 dart slugs (D:4)
  6 leopard geckos
  37 orcs
  8 ball pythons
  5 bats
  9 giant cockroaches
  4 gnoll zombies (Ossuary)
  15 goblins
  15 hobgoblins
  18 jackals
  5 quokkas
  10 frilled lizards
  9 hobgoblin zombies (Ossuary)
  10 kobolds
  3 kobold zombies (Ossuary)
  8 orc zombies (Ossuary)
  A quokka zombie (D:7)
  11 rats
  5 fungi
  3 plants
602 creatures vanquished.

Vanquished Creatures (collateral kills)
  A hydra (D:12)
  A hippogriff (D:9)
  A yak (D:9)
  2 orc warriors
  An orc (D:9)
  A jackal (D:9)
7 creatures vanquished.

Vanquished Creatures (others)
  2 yaks (IceCv)
  A wolf (IceCv)
  5 fungi
  11 plants
19 creatures vanquished.

Grand Total: 628 creatures vanquished

Notes
Turn   | Place    | Note
-------+----------+-------------------------------------------
     0 | D:1      | sking99 the Hill Orc Fighter began the quest for the Orb.
     0 | D:1      | Reached XP level 1. HP: 19/19 MP: 1/1
    10 | D:1      | Reached skill level 3 in Axes
   118 | D:1      | Reached XP level 2. HP: 19/26 MP: 2/2
   125 | D:1      | Reached skill level 4 in Axes
   437 | D:1      | Reached XP level 3. HP: 31/31 MP: 3/3
   476 | D:1      | Reached skill level 5 in Axes
  1050 | D:2      | Reached XP level 4. HP: 36/39 MP: 4/4
  1087 | D:2      | Found a stormy altar of Qazlal.
  1100 | D:2      | Became a worshipper of Qazlal Stormbringer
  1239 | D:2      | Reached skill level 6 in Axes
  1442 | D:2      | Noticed Sigmund
  1541 | D:3      | Found a shimmering altar of Xom.
  1564 | D:3      | Reached XP level 5. HP: 34/45 MP: 5/5
  1573 | D:3      | Reached skill level 7 in Axes
  1838 | D:3      | Reached * piety under Qazlal
  1995 | D:3      | Reached skill level 8 in Axes
  1995 | D:3      | Reached XP level 6. HP: 15/51 MP: 6/6
  2317 | D:3      | Found a faded altar of an unknown god.
  2423 | D:3      | Noticed Robin
  2471 | D:3      | Killed Robin
  2588 | D:3      | Reached skill level 9 in Axes
  2721 | D:3      | Found a roughly hewn altar of Beogh.
  2821 | D:4      | Noticed a phantom
  2827 | D:4      | Found a sand-covered staircase.
  2849 | Ossuary  | Entered an ossuary
  2875 | Ossuary  | Reached ** piety under Qazlal
  2894 | Ossuary  | Reached XP level 7. HP: 55/58 MP: 7/7
  2898 | Ossuary  | Reached skill level 1 in Invocations
  3105 | Ossuary  | Reached skill level 10 in Axes
  3293 | D:4      | Reached XP level 8. HP: 55/67 MP: 10/10
  3565 | D:4      | Found a staircase to the Ecumenical Temple.
  3573 | D:4      | Reached skill level 5 in Fighting
  4140 | D:5      | Entered Level 5 of the Dungeon
  4147 | D:5      | Found a glowing drain.
  4175 | Sewer    | Entered a sewer
  4220 | Sewer    | Reached *** piety under Qazlal
  4581 | D:5      | Reached skill level 11 in Axes
  4736 | D:5      | Noticed Blork the orc
  4743 | D:5      | Killed Blork the orc
  5159 | D:6      | Identified a scroll of acquirement
  5378 | D:6      | Reached skill level 5 in Invocations
  5378 | D:6      | Reached XP level 9. HP: 75/75 MP: 12/12
  5383 | D:6      | Reached skill level 12 in Axes
  5683 | D:7      | Found Lempises's Food Shop.
  5724 | D:7      | Reached skill level 5 in Shields
  5725 | D:7      | Found Ehiujuvu's Distillery.
  5789 | D:7      | Bought a potion of curing for 42 gold pieces
  5789 | D:7      | Bought a potion of lignification for 42 gold pieces
  5909 | D:7      | Found Reriofap's Gadget Emporium.
  6000 | D:7      | Noticed w0lly's ghost (novice DDFi)
  6033 | D:7      | Killed w0lly's ghost
  6033 | D:7      | Reached skill level 13 in Axes
  6088 | D:7      | Found Tanail's General Store.
  6091 | D:7      | Bought a scroll of enchant weapon for 97 gold pieces
  6341 | D:8      | Found Nievie's Food Shop.
  6388 | D:8      | Reached **** piety under Qazlal
  6427 | D:8      | Reached XP level 10. HP: 82/86 MP: 11/15
  7002 | D:8      | Found a shattered altar of Ashenzari.
  7012 | D:8      | Found a bloodstained altar of Trog.
  7049 | D:9      | Noticed Erica
  7049 | D:9      | Noticed Maurice
  7056 | D:9      | Killed Maurice
  7057 | D:9      | Killed Erica
  7057 | D:9      | Reached skill level 14 in Axes
  7066 | D:9      | Noticed a cyclops
  7178 | D:9      | Killed a cyclops
  7230 | D:9      | Noticed Pikel
  7251 | D:9      | Killed Pikel
  7251 | D:9      | Reached XP level 11. HP: 56/97 MP: 17/17
  7274 | D:9      | Reached skill level 15 in Axes
  8136 | D:10     | Entered Level 10 of the Dungeon
  8155 | D:10     | Noticed Josephine
  8168 | D:10     | Killed Josephine
  8581 | D:10     | Reached skill level 10 in Fighting
  8581 | D:10     | Reached skill level 10 in Invocations
  8586 | D:10     | Reached skill level 16 in Axes
  8924 | D:10     | Reached ***** piety under Qazlal
  9032 | D:10     | Found a staircase to the Lair.
  9238 | D:10     | Noticed a tengu warrior
  9246 | D:10     | Reached skill level 1 in Dodging
  9260 | D:10     | Killed a tengu warrior
  9260 | D:10     | Reached XP level 12. HP: 100/106 MP: 19/19
 10059 | D:12     | Noticed a two-headed ogre
 10064 | D:12     | Killed a two-headed ogre
 10083 | D:12     | Noticed a six-headed hydra
 10089 | D:12     | Killed a six-headed hydra
 10510 | Lair:1   | Entered Level 1 of the Lair of Beasts
 10566 | Lair:1   | Noticed Joseph
 10576 | Lair:1   | Killed Joseph
 10576 | Lair:1   | Reached skill level 10 in Shields
 10597 | Lair:1   | Noticed a four-headed hydra
 10613 | Lair:1   | Killed a one-headed hydra
 10613 | Lair:1   | Reached skill level 5 in Armour
 11279 | Lair:2   | Found a hole to the Spider Nest.
 11400 | Lair:2   | Reached XP level 13. HP: 62/116 MP: 21/21
 11401 | Lair:2   | Found a frozen archway.
 11499 | IceCv    | Entered an ice cave
 12328 | IceCv    | Noticed a frost giant
 12334 | IceCv    | Killed a frost giant
 15041 | Lair:4   | Found a staircase to the Shoals.
 15050 | Lair:4   | Reached XP level 14. HP: 106/126 MP: 23/23
 15273 | Lair:5   | Noticed kalagan's ghost (journeyman DEFE)
 15283 | Lair:5   | Killed kalagan's ghost
 15291 | Lair:5   | Noticed Urug
 15299 | Lair:5   | Killed Urug
 15355 | Lair:5   | Reached skill level 17 in Axes
 15721 | Lair:5   | Noticed Snorg
 15741 | Lair:5   | Killed Snorg
 16590 | Lair:6   | Entered Level 6 of the Lair of Beasts
 17439 | Lair:6   | Found an opulent altar of Gozag.
 17460 | Lair:6   | Found a runed door.
 17460 | Lair:6   | Found a viscous altar of Jiyva.
 17460 | Lair:6   | Found a staircase to the Slime Pits.
 17460 | Lair:6   | Noticed an azure jelly
 17460 | Lair:6   | Noticed an azure jelly
 17473 | Lair:6   | Mangled by an azure jelly

Skill      XL: |  1  2  3  4  5  6  7  8  9 10 11 12 13 14 |
---------------+-------------------------------------------+-----
Axes           | 3 4 5 6 8 9 10 11 13 14 16 17 | 17.8
Invocations    | 3 5 6 8 10 11 12 13 | 13.5
Fighting       | 4 6 7 9 10 11 12 13 | 13.0
Shields        | 4 5 7 9 11 12 | 12.1
Dodging        | 1 3 4 |  4.4
Armour         | 6 7 9 |  9.0

Action                   |  1- 3 |  4- 6 |  7- 9 | 10-12 | 13-15 || total
-------------------------+-------+-------+-------+-------+-------++-------
Melee: War axe           |   123 |   266 |   503 |   530 |   291 ||  1713
       Scimitar          |       |       |       |    12 |    12 ||    24
       Battleaxe         |       |       |       |       |   336 ||   336
Invok: Upheaval          |       |       |     9 |     5 |     2 ||    16
       Elemental Force   |       |       |       |     4 |     1 ||     5
       Disaster Area     |       |       |       |     1 |     4 ||     5
  Use: Scroll            |       |     5 |    17 |     1 |     8 ||    31
       Potion            |       |       |       |       |     1 ||     1
  Eat: Chunk             |       |     7 |    17 |    17 |    19 ||    60
       Ration            |       |       |     1 |       |       ||     1
Armor: Plate armour      |    86 |   209 |   257 |   196 |   114 ||   862
       Scale mail        |     2 |       |       |       |       ||     2
       Chain mail        |       |       |       |       |   241 ||   241
Dodge: Dodged            |    26 |    37 |    44 |    48 |   218 ||   373
       Deflected         |       |       |       |     4 |     2 ||     6
Block: Shield            |    79 |   185 |   303 |   400 |   235 ||  1202
       Other             |       |       |       |       |   107 ||   107
       Rpst.: Scimitar   |       |       |       |     1 |     2 ||     3
